[Event "Live Chess"]
[Site "Chess.com"]
[Date "2024.06.01"]
[Round "-"]
[White "LaupMiths"]
[Black "Keithdfg"]
[Result "0-1"]
[WhiteElo "1837"]
[BlackElo "1754"]
[TimeControl "300"]
[EndTime "9:50:54 PDT"]
[Termination "Keithdfg won by checkmate"]

1. Nf3 d6 2. g3 Bg4 3. Bg2 Nd7 4.
O-O c6 5. d3 e5 6. c4 h6 7. Nc3 Ngf6 8. Rb1 Be7 9. b4 O-O 10.
a4 d5 11. h3 Be6 12. Nd2 h5 13. b5 h4 14. g4 Nc5 15. Qc2 Nh7 16. f4 exf4 17.
Rxf4 Bg5 18. Nf3 Bxf4 19. Bxf4 f6 20. Be3 Nd7 21. c5 Ne5 22. Nxh4 d4 23. Ne4 dxe3 24.
Nd6 Rb8 25. d4 Nf7 26. Ng6 Nxd6 27. Nxf8 Nxf8 28. cxd6 Qxd6 29. bxc6 b6 30. c7 Rc8 31.
Rc1 Qxd4 32. Bb7 Qf4 33. Bxc8 Qg3+ 34. Kf1 Qf2# 0-1

[Event "Live Chess"]
[Site "Chess.com"]
[Date "2024.06.01"]
[Round "-"]
[White "SirGerhard"]
[Black "Pedrada88"]
[Result "1-0"]
[WhiteElo "2764"]
[BlackElo "2548"]
[TimeControl "300"]
[EndTime "9:50:57 PDT"]
[Termination "SirGerhard won by resignation"]

1. e4 c5 2. Nc3 Nc6 3. Bb5 Nd4 4. Bc4 e6 5. Nge2 a6 6. Nxd4 cxd4 7. Ne2 b5 8. Bb3 Qb6 9. d3 a5 10. a4 b4 11. O-O Ne7 12. Ng3 Nc6 13. f4 Bb7 14. f5 Be7 15. Qg4 Bf6 16. Nh5 O-O-O 17.
fxe6 fxe6 18. Nxf6 gxf6 19. Rxf6 Rhg8 20. Qh4 Ne5 21.
Kh1 Rg4 22. Qf2 Qd6 23. Bh6 Kc7 24. Bf8 Qc6 25. Qxd4 Ng6 26. Bh6 Rg8 27. Raf1 Nh4 28. Bf4+ Rxf4 29. R6xf4 Nxg2 30. Rf8 Rg5 31. Rg1 Nh4 32.
Rxg5 Nf3 33. Rxf3 1-0

[Event "Live Chess"]
[Site "Chess.com"]
[Date "2024.06.01"]
[Round "-"]
[White "raimundklein"]
[Black "halfberg"]
[Result "0-1"]
[WhiteElo "1567"]
[BlackElo "1905"]
[TimeControl "300"]
[EndTime "9:51:04 PDT"]
[Termination "halfberg won by resignation"]

1. e4 c5 2. Nf3 Nc6 3. c3 Nf6 4. e5 Nd5 5. d4 cxd4 6. cxd4 d6 7. Bc4 Nb6 8. Bb3 dxe5 9. dxe5 Qxd1+ 10. Bxd1 e6 11.
O-O Be7 12. Nc3 O-O 13. a3 Rd8 14. Bc2 Bd7 15. Be3 Nc4 16. Bf4 a6 17. b3 Nxa3 18. Be4 Nb5 19. Na4 Ncd4 20. Be3 Nxb3 21. Rab1 N5d4 22.
Nb6 Bb5 23. Rfe1 Rab8 24. Ng5 h6 25. Nh3 Nc5 26. Bxd4 Rxd4 27. Bf3 Nd3 28. Red1 Rbd8 0-1

[Event "Live Chess"]
[Site "Chess.com"]
[Date "2024.06.01"]
[Round "-"]
[White "Tatarinov_Maxim"]
[Black "Isambard_Thomas"]
[Result "0-1"]
[WhiteElo "2270"]
[BlackElo "2137"]
[TimeControl "300"]
[EndTime "9:51:05 PDT"]
[Termination "Isambard_Thomas won by resignation"]

1. Nf3 d5 2. g3 Nf6 3. Bg2 Bg4 4. c4 c6 5. Ne5 h5 6. Nxg4 hxg4 7. Qb3 Qd7 8. cxd5 Nxd5 9. Nc3 e6 10. d3 Bd6 11. Bd2 Na6 12. O-O Nc5 13. Qc4 O-O-O 14. Qxg4 f5 15. Qf3 Nxc3 16. bxc3 Rdg8 17. Rab1 g5 18.
d4 Qh7 19. h3 g4 20. Qe3 f4 21. Qxf4 Bxf4 22. Bxf4 gxh3 23. Bf3 h2+ 24. Kh1 Ne4 25.
Rb3 Qf5 26. Be5 Nd2 0-1

[Event "Live Chess"]
[Site "Chess.com"]
[Date "2024.06.01"]
[Round "-"]
[White "14141409"]
[Black "Delacorta"]
[Result "1-0"]
[WhiteElo "2561"]
[BlackElo "1397"]
[TimeControl "300"]
[EndTime "9:51:12 PDT"]
[Termination "14141409 won by resignation"]

1. e4 e6 2. d4 d5 3. e5 c5 4. c3 Nc6 5. Nf3 Qb6 6. Be2 Nge7 7. O-O Ng6 8. Na3 a6 9. Nc2 Bd7 10. a3 Be7 11. b4 c4 12. g3 f6 13.
exf6 gxf6 14. h4 O-O-O 15. h5 Nf8 16. Bf4 h6 17. a4 Re8 18. Ne3 Nh7 19. Bxh6 Ng5 20.
Bxg5 fxg5 21. Ng4 Rxh5 22. Nfe5 Nxe5 23. Nxe5 Qc7 24. Bxh5 Rh8 25. Nxd7 Qxd7 26. Bg4 Bd6 27. Qe2 Qh7 28. Bh5 Kd7 29. Kg2 Qxh5 30. Qxh5 Rxh5 31. Rh1 1-0

[Event "Live Chess"]
[Site "Chess.com"]
[Date "2024.06.01"]
[Round "-"]
[White "DarranAS"]
[Black "Berdgross"]
[Result "1-0"]
[WhiteElo "1554"]
[BlackElo "579"]
[TimeControl "300"]
[EndTime "9:51:13 PDT"]
[Termination "DarranAS won by resignation"]

1. d4 d5 2. Nf3 e6 3. g3 Nf6 4.
c3 Nc6 5. Bg2 h6 6. O-O a6 7.
Nbd2 Ng4 8. e4 dxe4 9. Nxe4 h5 10. Bf4 Bd6 11. Qd2 Bxf4 12. Qxf4 O-O 13. Rad1 Re8 14.
Ne5 Ncxe5 15. dxe5 Qe7 16. h3 Nf6 17. exf6 gxf6 18. Nxf6+ Kg7 19. Nxe8+ Qxe8 20. Qg5+ 1-0

[Event "Live Chess"]
[Site "Chess.com"]
[Date "2024.06.01"]
[Round "-"]
[White "Andysav3"]
[Black "Cruiseylee78"]
[Result "1-0"]
[WhiteElo "1864"]
[BlackElo "1657"]
[TimeControl "300"]
[EndTime "9:51:31 PDT"]
[Termination "Andysav3 won by resignation"]

1. e4 c5 2. c3 d5 3. exd5 Qxd5 4.
d4 cxd4 5. cxd4 Nc6 6. Nf3 Bg4 7. Nc3 Qa5 8. Be2 O-O-O 9. O-O Nxd4 10. Nxd4 Bxe2 11. Ncxe2 e5 12. Qc2+ Kb8 13. Nb3 Qd5 14.
Be3 Qe6 15. Rac1 Ne7 16. Qc7+ 1-0

[Event "Live Chess"]
[Site "Chess.com"]
[Date "2024.06.01"]
[Round "-"]
[White "Yegorych"]
[Black "Ksenia_2013"]
[Result "1-0"]
[WhiteElo "1625"]
[BlackElo "721"]
[TimeControl "300"]
[EndTime "9:51:32 PDT"]
[Termination "Yegorych won by checkmate"]

1. d4 f5 2. c4 Nc6 3. Nc3 Nf6 4. g3 g6 5. Bg2 Bg7 6. Nf3 O-O 7. Ne5 Nxe5 8. dxe5 Ng4 9. f4 Ne3 10. Bxe3 d6 11.
exd6 exd6 12. Qd5+ Rf7 13. O-O Qe8 14. Bd4 Bxd4+ 15. Qxd4 Be6 16. Bd5 c5 17. Qd2 Bxd5 18.
Nxd5 Qe4 19. Qd3 Qe8 20. Rfe1 Qc6 21. e4 a6 22. e5 dxe5 23. Rxe5 Re8 24. Rae1 Rxe5 25.
Rxe5 b5 26. Ne7+ Rxe7 27. Rxe7 Qc8 28. Qd5+ Kf8 29. Qf7# 1-0

[Event "Live Chess"]
[Site "Chess.com"]
[Date "2024.06.01"]
[Round "-"]
[White "Harry_Li"]
[Black "nitrofish07"]
[Result "0-1"]
[WhiteElo "2138"]
[BlackElo "2152"]
[TimeControl "300"]
[EndTime "9:51:43 PDT"]
[Termination "nitrofish07 won on time"]

1. e4 c5 2. Nf3 d6 3. d4 cxd4 4.
Nxd4 Nf6 5. Nc3 a6 6. Bg5 e6 7.
f4 Be7 8. Qf3 Qc7 9. O-O-O Nbd7 10. g4 h6 11. Bxf6 Bxf6 12. h4 Bxd4 13. Rxd4 Qc5 14. Rd2 Nb6 15. Be2 Bd7 16. g5 O-O-O 17. Rhd1 Be8 18. f5 hxg5 19. hxg5 Kb8 20. Qg3 e5 21.
Nd5 Nxd5 22. Rxd5 Qc7 23. Qb3 Bc6 24. R5d2 Bxe4 25. Bxa6 Rc8 26. c3 d5 27. f6 g6 28.
Bd3 Bxd3 29. Rxd3 d4 30. Kb1 Rhd8 31. cxd4 Rxd4 32. Rxd4 exd4 33. a3 Rd8 34. Qb4 Qe5 35.
Qe7 Qc7 36. Qe4 Qd6 37. Rd3 Qd5 38. Qxd5 Rxd5 39. Kc2 Rxg5 40. Rxd4 Rf5 41. Rd8+ Kc7 42. Rf8 Rxf6 43. Kd3 Rf2 44. b3 f5 45. Kc4 g5 46.
Rg8 g4 47. Kd3 Rf3+ 48. Ke2 Rxb3 49. Rg5 Rxa3 50. Rxf5 Ra2+ 0-1

[Event "Live Chess"]
[Site "Chess.com"]
[Date "2024.06.01"]
[Round "-"]
[White "Dhaydon19"]
[Black "YrrriKharkiv"]
[Result "1-0"]
[WhiteElo "2700"]
[BlackElo "2123"]
[TimeControl "300"]
[EndTime "9:51:53 PDT"]
[Termination "Dhaydon19 won by resignation"]

1. d4 Nf6 2. Nf3 c5 3. g3 cxd4 4. Nxd4 Nc6 5. Nf3 g6 6. Bg2 Bg7 7.
O-O d6 8. c3 O-O 9. Nbd2 Qc7 10. Qc2 Rb8 11. Ne4 Bf5 12. Nxf6+ Bxf6 13. e4 Bg4 14.
Qd3 Bxf3 15. Qxf3 Bg7 16. Bf4 Qb6 17. Qe2 Ne5 18. Rfd1 Rbc8 19. h3 Nc4 20. Rab1 Rc7 21. Bf1 Ne5 22. Be3 Qc6 23. Bg2 Qc4 24. Qxc4 Rxc4 25.
Bxa7 Ra4 26. Bd4 Rxa2 27. Bxe5 Bxe5 28. Rd5 b6 29. Rb5 Rb8 30. f4 Bg7 31. Bf1 Ra5 32.
Rb3 e6 33. Rd1 d5 34. exd5 exd5 35. Bg2 Rc5 36. Rxd5 Rxd5 37. Bxd5 Bf8 38. Rb5 Rd8 39. c4 Kg7 40. b4 Rd6 41. Kg2 h6 42. Kf3 Be7 43.
Ke4 Kf6 44. c5 bxc5 45. bxc5 Bd8 46. cxd6 1-0

[Event "Live Chess"]
[Site "Chess.com"]
[Date "2024.06.01"]
[Round "-"]
[White "Pizzaman313"]
[Black "LL220284LL"]
[Result "0-1"]
[WhiteElo "1194"]
[BlackElo "2581"]
[TimeControl "300"]
[EndTime "9:51:59 PDT"]
[Termination "LL220284LL won by resignation"]

1. e4 g6 2. d4 Bg7 3. c4 b6 4. Nc3 Bb7 5. Nf3 d6 6. Be2 Nd7 7. O-O Ngf6 8. Qc2 e5 9. d5 O-O 10. Re1 a5 11. Nb5 Nc5 12. Bd3 Bc8 13. Be3 Nxd3 14.
Qxd3 Ng4 15. h3 Nxe3 16. Qxe3 f5 17. a3 fxe4 18. Qxe4 Bf5 19. Qe3 e4 20. Nfd4 Qd7 21.
Rab1 h5 22. Nc6 Rae8 23. Nbd4 Kh7 24. Nxf5 Qxf5 25. Re2 Bh6 26. Qb3 e3 27. Rf1 exf2+ 28. Rfxf2 Qxf2+ 29. Rxf2 Re1+ 30. Kh2 Rxf2 31. Qg3 Bf4 0-1

[Event "Live Chess"]
[Site "Chess.com"]
[Date "2024.06.01"]
[Round "-"]
[White "defenderalist"]
[Black "Trendle"]
[Result "0-1"]
[WhiteElo "1513"]
[BlackElo "2621"]
[TimeControl "300"]
[EndTime "9:52:11 PDT"]
[Termination "Trendle won on time"]

1. e4 e5 2. f4 d5 3. exd5 e4 4. Bb5+ c6 5. dxc6 Nxc6 6. Bxc6+ bxc6 7. Ne2 Qh4+ 8. Ng3 Nf6 9. O-O Bc5+ 10. d4 exd3+ 11.
Kh1 Ng4 12. Qe1+ Be6 13. h3 dxc2 14. f5 O-O 15. fxe6 cxb1=Q 16. Rxb1 Nf2+ 17. Rxf2 Qxg3 18. exf7+ Rxf7 19. Re2 Qd3 20. Be3 Bb4 21. Bd2 Bd6 22.
Re8+ Rxe8 23. Qxe8+ Rf8 24. Qe6+ Kh8 25. Qe1 Bg3 26. Qd1 Rd8 0-1

[Event "Live Chess"]
[Site "Chess.com"]
[Date "2024.06.01"]
[Round "-"]
[White "TigerTank70"]
[Black "TC2304"]
[Result "0-1"]
[WhiteElo "2169"]
[BlackElo "2348"]
[TimeControl "300"]
[EndTime "9:52:16 PDT"]
[Termination "TC2304 won on time"]

1. e4 Nc6 2. d4 e5 3. d5 Nce7 4. c4 Ng6 5. Nc3 Bb4 6. Bd2 Nf6 7. f3 a5 8. Qb3 d6 9. a3 Bc5 10. Qb5+ c6 11. Qb3 O-O 12. Nge2 cxd5 13. cxd5 Nh5 14.
O-O-O Bd7 15. g4 Nhf4 16. Nxf4 Nxf4 17. Bxf4 exf4 18. Bb5 Rc8 19. Kb1 Qb6 20. Qa4 Bxb5 21. Nxb5 Be3 22. Rd3 Rc5 23. Rb3 Rfc8 24. Nc3 Qa6 25.
Qd7 Qd3+ 26. Ka2 Qc4 27. Qa4 Qxa4 28. Nxa4 b5 29. Nxc5 Rxc5 30. Kb1 f6 31. Re1 Kf7 32. Rd3 g6 33. b3 f5 34. gxf5 gxf5 35. Rdxe3 fxe3 36.
Rxe3 Kf6 37. Kb2 b4 38. Rd3 fxe4 39. fxe4 Ke5 40. Re3 Rc8 41. axb4 axb4 42. Rh3 Rg8 43. Rxh7 Rg2+ 44. Kc1 Kxe4 45. Rb7 Kd3 46. Rxb4 Kc3 47. Rc4+ Kxb3 48. Rh4 Kc3 49. Kd1 Kd3 50. Ke1 Rg5 51.
Rh3+ Ke4 52. Rh6 Rxd5 0-1

[Event "Live Chess"]
[Site "Chess.com"]
[Date "2024.06.01"]
[Round "-"]
[White "Richardallis"]
[Black "ACM42"]
[Result "0-1"]
[WhiteElo "1925"]
[BlackElo "2209"]
[TimeControl "300"]
[EndTime "9:52:20 PDT"]
[Termination "ACM42 won - game abandoned"]

1. d4 Nf6 2. Nf3 g6 3. Bg5 Bg7 4. Nbd2 d6 5. c3 O-O 6. e4 Nbd7 7. Bc4 e5 8. dxe5 Nxe5 9. Nxe5 dxe5 10. O-O h6 11. Bxf6 Qxf6 12. Qb3 c6 13. a4 Rb8 14.
Be2 Be6 15. Qc2 Rfd8 16. Rfd1 h5 17. Nc4 Bf8 18. Ne3 h4 19. h3 Bh6 20. Ng4 Qf4 21. b4 Kh8 22. Rd3 f5 23. exf5 Bxf5 24. Rxd8+ Rxd8 25. Qb3 Qd2 26. Nxh6 Qxh6 27. Qf7 Qg7 28. Qxg7+ Kxg7 29. Rd1 Rxd1+ 30. Bxd1 b6 31. Bf3 c5 32. bxc5 bxc5 33. Bd5 a5 34. Bc6 Bd3 35. g3 g5 36.
gxh4 gxh4 37. Kg2 Kf6 38. Kf3 Kg5 39. Bd7 Bc2 40. Bb5 Bf5 41. Kg2 Kf4 42. Bc6 Be4+ 43. Bxe4 Kxe4 44. f3+ Ke3 45. c4 Ke2 46. f4 exf4 0-1

[Event "Live Chess"]
[Site "Chess.com"]
[Date "2024.06.01"]
[Round "-"]
[White "Tilbs_12"]
[Black "TheSmoulderingMaster"]
[Result "0-1"]
[WhiteElo "1645"]
[BlackElo "1753"]
[TimeControl "300"]
[EndTime "9:52:21 PDT"]
[Termination "TheSmoulderingMaster won by checkmate"]

1. d4 Nf6 2. Nc3 d6 3. e4 g6 4. f4 Bg7 5. Nf3 O-O 6. Be3 c6 7.
Be2 Bg4 8. O-O b5 9. a3 a5 10. b4 axb4 11. axb4 Nbd7 12. Qd2 Rc8 13. h3 Bxf3 14.
Bxf3 c5 15. Nxb5 cxb4 16. Qxb4 Rb8 17. Be2 e5 18. fxe5 dxe5 19. c4 exd4 20. Bxd4 Nxe4 21.
Bxg7 Kxg7 22. Bf3 Ndf6 23. Qb2 Nd2 24. Rf2 Nxc4 25. Qb4 Qd3 26. Rb1 Ne5 27. Be2 Qe3 28. Qf4 Qxf4 29. Rxf4 Nd5 30. Re4 f6 31. Rd4 Rxb5 32.
Bxb5 Nc3 33. Rb3 Rc8 34. Rdb4 Nd5 35. Ra4 Rc1+ 36. Kh2 Rc2 37. Ra7+ Kh6 38. Bd3 Rd2 39. Be4 Nf4 40. Rbb7 Kg5 41. Rxh7 Re2 42. Ba8 Kf5 43. Rhe7 Nfd3 44. Rec7 g5 45. Rc3 Nf4 46. Ra5 Rb2 47. Kg3 Ne2+ 48. Kh2 Nxc3 49. Kg3 Ne4+ 50. Kh2 Kf4 51.
Kg1 Rb1+ 52. Kh2 Rb2 53. Ra4 Nf3+ 54. Kh1 Rb1# 0-1

[Event "Live Chess"]
[Site "Chess.com"]
[Date "2024.06.01"]
[Round "-"]
[White "OliWally08"]
[Black "nigelst"]
[Result "1/2-1/2"]
[WhiteElo "1259"]
[BlackElo "1715"]
[TimeControl "300"]
[EndTime "9:52:41 PDT"]
[Termination "Game drawn - timeout vs insufficient material"]

1. e4 c6 2. Bc4 d5 3. exd5 cxd5 4.
Bb3 Nf6 5. d4 Nc6 6. Nc3 Bg4 7.
f3 Bf5 8. Nge2 e6 9. Bg5 Be7 10. Qd2 O-O 11. h4 h6 12. Bxf6 Bxf6 13. g4 Bh7 14. O-O-O Bxh4 15. f4 a5 16. Rxh4 Qxh4 17. g5 hxg5 18. fxg5 Be4 19. Nxe4 Qxe4 20. Ng3 Qf3 21.
Qh2 Qf4+ 22. Kb1 Qxg5 23. Rg1 Nxd4 24. Nh5 Nf3 25. Rxg5 Nxh2 26. Rxg7+ Kh8 27. c3 Rg8 28. Rxf7 Raf8 29. Rxb7 Rg1+ 30. Kc2 Nf3 31. Kd3 Rg4 32. Bc2 Ne1+ 33. Kd2 Nxc2 34. Kxc2 a4 35. Ra7 Rf2+ 36.
Kd3 Rf3+ 37. Ke2 Rh3 38. Ra8+ Kh7 39. Ra7+ Kh6 40. Nf6 Rg2+ 41. Kf1 Rxb2 42. Rh7+ Kg6 43. Rxh3 Rxa2 44. Rf3 Ra1+ 45. Kg2 a3 46. Kg3 a2 47. Nxd5 Rg1+ 48. Kh2 a1=Q 49. Rg3+ Rxg3 50. Kxg3 Qd1 51. Nf4+ Kf5 52. Kg2 Qc2+ 53. Kf3 Qxc3+ 54. Kf2 Qd4+ 55. Kg3 Qxf4+ 56. Kg2 e5 57. Kh3 e4 58.
Kg2 e3 59. Kg1 e2 60. Kg2 1/2-1/2

[Event "Live Chess"]
[Site "Chess.com"]
[Date "2024.06.01"]
[Round "-"]
[White "Grieve72"]
[Black "jimwad"]
[Result "1-0"]
[WhiteElo "2637"]
[BlackElo "1216"]
[TimeControl "300"]
[EndTime "9:52:43 PDT"]
[Termination "Grieve72 won by resignation"]

1. e4 e5 2. Nf3 Nc6 3. Bc4 Bc5 4. d3 Nf6 5. Bg5 h6 6. Bh4 g5 7. Bg3 d6 8. c3 Be6 9. Nbd2 Qe7 10. b4 Bb6 11. a4 a5 12. b5 Na7 13. Bxe6 Qxe6 14.
Nc4 Nd7 15. O-O Nc8 16. Qe2 O-O 17. d4 exd4 18. Nxd4 Bxd4 19. cxd4 b6 20. d5 Qg6 21.
f4 f5 22. fxg5 hxg5 23. exf5 Rxf5 24. Rxf5 Qxf5 25. Rf1 Qxd5 26. Qe8+ Nf8 27. Qxf8+ 1-0

[Event "Live Chess"]
[Site "Chess.com"]
[Date "2024.06.01"]
[Round "-"]
[White "peteopeteo"]
[Black "A3ndrey9"]
[Result "1-0"]
[WhiteElo "1624"]
[BlackElo "1273"]
[TimeControl "300"]
[EndTime "9:52:52 PDT"]
[Termination "peteopeteo won by resignation"]

1. e4 b6 2. Nf3 c6 3. d4 d5 4. exd5 cxd5 5. c4 dxc4 6. Bxc4 Bf5 7. Ne5 e6 8. Qf3 Nd7 9. Nxd7 Kxd7 10. Be3 Bb4+ 11.
Nc3 Nf6 12. Qb7+ Ke8 13. O-O Bxc3 14. bxc3 Be4 15. Bb5+ Kf8 16. Bc6 Bxc6 17. Qxc6 Nd5 18. Rac1 Rc8 19. Qb7 Rc7 20. Qa6 Rxc3 21. Rxc3 Nxc3 22.
Qa3+ Qe7 23. Qxc3 f6 24. Rc1 Kf7 25. Qc7 Re8 26. Qg3 f5 27. Rc7 g5 28. Bxg5 Qxc7 29. Qxc7+ Kg6 30. Qg3 Rc8 31. Bf4+ Kf6 32. Qh4+ Kg6 33.
Qg5+ Kf7 34. Qh6 Ke7 35. Qxh7+ Kf6 36. Qh6+ Ke7 37. Be5 Rc2 38. Qf6+ Kd7 39. Qf7+ Kc6 40. Qc7+ Kd5 41. Qxc2 1-0

[Event "Live Chess"]
[Site "Chess.com"]
[Date "2024.06.01"]
[Round "-"]
[White "updatedopenings2024"]
[Black "FlyingChessKestrel13"]
[Result "1-0"]
[WhiteElo "1787"]
[BlackElo "2117"]
[TimeControl "300"]
[EndTime "9:52:55 PDT"]
[Termination "updatedopenings2024 won by resignation"]

1. e4 d6 2. d4 g6 3. Nc3 Bg7 4.
f4 Nc6 5. Nf3 e6 6. Be3 Nf6 7.
Qd2 Bd7 8. O-O-O Qe7 9. h3 O-O-O 10. e5 dxe5 11. dxe5 Nh5 12. Qf2 Bh6 13. g3 f6 14.
exf6 Nxf6 15. Bxa7 e5 16. Bc5 Qe6 17. Ng5 Bxg5 18.
fxg5 Nh5 19. Bg2 Ng7 20. g4 Qc4 21. Bd5 Qf4+ 22. Qxf4 exf4 23. Rhf1 b6 24. Ba3 Ne6 25. Ne4 Ne5 26. Be7 Rde8 27. Bf6 Nf7 28. Bxh8 Rxh8 29. Nf6 Nc5 30. Nxd7 1-0

[Event "Live Chess"]
[Site "Chess.com"]
[Date "2024.06.01"]
[Round "-"]
[White "Duke_of_Bebington"]
[Black "StoreySniper"]
[Result "0-1"]
[WhiteElo "1597"]
[BlackElo "2547"]
[TimeControl "300"]
[EndTime "9:52:55 PDT"]
[Termination "StoreySniper won by resignation"]

1. e4 g6 2. d4 Bg7 3. Be3 c5 4. c3 cxd4 5. cxd4 d5 6. e5 Nc6 7. a3 Nh6 8. Bd3 Nf5 9. Bxf5 Bxf5 10. Ne2 Bxb1 11. Rxb1 e6 12. O-O O-O 13. Qd2 Qb6 14.
Rfd1 Rfc8 15. Bh6 Nxd4 16. Bxg7 Nxe2+ 17. Qxe2 Kxg7 18. b4 Rc3 19. Rbc1 Rac8 20. Rxc3 Rxc3 21. Qb2 Qc6 22. h3 Qc4 23. a4 d4 24. b5 d3 25. Rd2 Rc2 26. Rxc2 Qxc2 0-1

[Event "Live Chess"]
[Site "Chess.com"]
[Date "2024.06.01"]
[Round "-"]
[White "LaupMiths"]
[Black "Kyrylo7770"]
[Result "0-1"]
[WhiteElo "1799"]
[BlackElo "1710"]
[TimeControl "300"]
[EndTime "9:52:57 PDT"]
[Termination "Kyrylo7770 won by resignation"]

1. Nf3 d5 2. c4 c6 3. b3 Nf6 4. e3 Bg4 5. Be2 e6 6. h3 Bh5 7. Bb2 Ne4 8. O-O Bd6 9. d3 Bxf3 10.
dxe4 Bxe4 11. Bxg7 Rg8 12. Bh6 Qf6 13. Bf4 Rxg2+ 0-1

[Event "Live Chess"]
[Site "Chess.com"]
[Date "2024.06.01"]
[Round "-"]
[White "Ksenia_2013"]
[Black "Dhaydon19"]
[Result "0-1"]
[WhiteElo "721"]
[BlackElo "2700"]
[TimeControl "300"]
[EndTime "9:52:58 PDT"]
[Termination "Dhaydon19 won by checkmate"]

1. e4 c6 2. d4 d5 3. e5 c5 4. dxc5 Nc6 5. Nc3 e6 6. Be3 d4 7. Ne4 dxe3 8. fxe3 Qh4+ 9. g3 Qxe4 10. Nf3 Bxc5 11.
Bg2 Qxe3+ 12. Kf1 Qf2# 0-1

[Event "Live Chess"]
[Site "Chess.com"]
[Date "2024.06.01"]
[Round "-"]
[White "Ninifu"]
[Black "booktrunk"]
[Result "1-0"]
[WhiteElo "2069"]
[BlackElo "1386"]
[TimeControl "300"]
[EndTime "9:53:01 PDT"]
[Termination "Ninifu won by resignation"]

1. d4 b6 2. e4 Bb7 3. Bd3 e6 4. Nf3 Nf6 5. Qe2 h6 6. O-O Be7 7. Nbd2 O-O 8. c4 c5 9. d5 exd5 10. cxd5 d6 11. a4 Qc8 12. Nc4 Ba6 13. h3 Kh8 14. Bf4 Ng8 15. Nxd6 Bxd3 16. Qxd3 Bxd6 17. Bxd6 Qd7 18. Bxf8 Nf6 1-0

[Event "Live Chess"]
[Site "Chess.com"]
[Date "2024.06.01"]
[Round "-"]
[White "Queensandpawns"]
[Black "NeilDruggan73"]
[Result "1-0"]
[WhiteElo "2469"]
[BlackElo "1747"]
[TimeControl "300"]
[EndTime "9:53:06 PDT"]
[Termination "Queensandpawns won by resignation"]

1. e4 d6 2. d4 Nf6 3. Be3 Nxe4 4. Nc3 Nxc3 5. bxc3 Nc6 6. Nf3 Bg4 7. Bc4 e6 8.
h3 Bh5 9. g4 Bg6 10. h4 Be4 11. Bd3 d5 12. Bxe4 dxe4 13. Ng5 Qd5 14. Qe2 h6 15. c4 Qa5+ 16. Bd2 Bb4 17. Nxe4 Nxd4 18. Qd3 O-O-O 19. Bxb4 Qxb4+ 20. Kf1 Qb2 21. Kg2 Nxc2 22.
Qe2 f5 23. Nc5 Qd4 24. Qxe6+ Kb8 25. Na6+ bxa6 26. Rab1+ 1-0

[Event "Live Chess"]
[Site "Chess.com"]
[Date "2024.06.01"]
[Round "-"]
[White "Delacorta"]
[Black "Mangoalo"]
[Result "1-0"]
[WhiteElo "1401"]
[BlackElo "988"]
[TimeControl "300"]
[EndTime "9:53:06 PDT"]
[Termination "Delacorta won by resignation"]

1. d4 Nc6 2. Nf3 d5 3. e3 Bg4 4.
h3 Bxf3 5. Qxf3 e6 6. c4 dxc4 7.
Bxc4 Nf6 8. Nd2 Bb4 9. O-O Bxd2 10. Bxd2 O-O 11. Bc3 a6 12. Rad1 b5 13. Bb3 Ne7 14. d5 Nexd5 15. Bxf6 gxf6 16. Bxd5 exd5 17. Rxd5 Qe7 1-0

[Event "Live Chess"]
[Site "Chess.com"]
[Date "2024.06.01"]
[Round "-"]
[White "Mangoalo"]
[Black "Queensandpawns"]
[Result "0-1"]
[WhiteElo "988"]
[BlackElo "2469"]
[TimeControl "300"]
[EndTime "9:53:35 PDT"]
[Termination "Queensandpawns won by resignation"]

1. e4 d5 2. f4 dxe4 3. Nc3 Nf6 4. g4 Nc6 5. g5 Bg4 6. gxf6 Bxd1 7. Kxd1 exf6 8. Nge2 f5 9. Nd4 Nxd4 10. Bb5+ c6 11. Bxc6+ bxc6 0-1

[Event "Live Chess"]
[Site "Chess.com"]
[Date "2024.06.01"]
[Round "-"]
[White "seasidecastle27"]
[Black "NottheBishopSacrifice"]
[Result "0-1"]
[WhiteElo "1947"]
[BlackElo "2162"]
[TimeControl "300"]
[EndTime "9:53:37 PDT"]
[Termination "NottheBishopSacrifice won by resignation"]

1. d4 d5 2. Nf3 Nf6 3. Bf4 c5 4. e3 cxd4 5. exd4 Nc6 6. c3 Bg4 7. Be2 e6 8. Nbd2 Bd6 9. Ne5 Bxe2 10. Qxe2 Qc7 11. O-O O-O 12. Bg3 Bxe5 13. Bxe5 Nxe5 14.
Qxe5 Qxe5 15. dxe5 Nd7 16. f4 Rfc8 17. Rac1 b5 18. a3 Nb6 19. Nf3 Nc4 20. Rf2 Rab8 21. Nd4 a5 22. g3 g6 23. Kg2 h5 24. Kh3 Kf8 25. Kh4 Ke7 26. Re2 Rb6 27. Ra1 Rcb8 28. Kh3 Kf8 29. Kh4 Ke7 30. Kh3 Kd7 31. Kh4 R8b7 32. Kh3 b4 33. axb4 axb4 34. Ra8 bxc3 35.
bxc3 Rb1 36. Rf8 Ke7 37. Rc8 R7b2 38. Rxb2 Rxb2 39. Rc7+ Kf8 40. Rc8+ Kg7 41. Rc7 Kf8 42. Rc8+ Ke7 43. Rc7+ Ke8 44. Rc8+ Kd7 45. Rf8 Ke7 46. Rc8 Ne3 47. Rc7+ Kf8 48. Rc8+ Ke7 49. Rc7+ Ke8 50. Rc8+ Kd7 51. Ra8 Ng4 52. Ra7+ Ke8 53. Ra8+ Ke7 54.
Ra7+ Kf8 55. Kh4 Rxh2+ 56. Kg5 Rg2 57. Ra8+ Kg7 58. Ra7 Kf8 59. Ra8+ Ke7 60. Ra7+ Ke8 61.
Ra8+ Ke7 62. Ra7+ Ke8 63. Ra8+ Kd7 64. Ra7+ Kc8 65. Rxf7 Rxg3 66. Nxe6 Nxe5+ 67. Kf6 Nxf7 68. Kxf7 h4 69. Nf8 h3 70. Nxg6 h2 71. Ne5 h1=Q 72. f5 Qh7+ 0-1

[Event "Live Chess"]
[Site "Chess.com"]
[Date "2024.06.01"]
[Round "-"]
[White "blunderabit"]
[Black "KeithArkell"]
[Result "0-1"]
[WhiteElo "1819"]
[BlackElo "2515"]
[TimeControl "300"]
[EndTime "9:53:52 PDT"]
[Termination "KeithArkell won by resignation"]

1. e4 c6 2. Nf3 d5 3. d3 Bg4 4.
h3 Bxf3 5. Qxf3 e6 6. g3 Nd7 7. Bg2 Qf6 8. Qe2 Bc5 9. O-O Ne7 10. Kh2 h5 11. h4 Ne5 12. Bg5 Ng4+ 13. Qxg4 hxg4 14.
Bxf6 gxf6 15. Nd2 f5 16. f4 gxf3 17. Rxf3 fxe4 18. dxe4 Bd6 19. Raf1 Rxh4+ 20. Kg1 Bc5+ 21. R1f2 Bxf2+ 22. Kxf2 Rh7 23. exd5 cxd5 24. Nb3 O-O-O 25. Nd4 Nc6 26. Rc3 Kd7 27. Nxc6 bxc6 28. Ra3 Ra8 29. c4 a5 30. cxd5 cxd5 31. b4 a4 32. Bf1 Rh2+ 33.
Kg1 Rb2 34. b5 Kd6 0-1

[Event "Live Chess"]
[Site "Chess.com"]
[Date "2024.06.01"]
[Round "-"]
[White "hapehansen"]
[Black "Ginger_GM"]
[Result "0-1"]
[WhiteElo "2245"]
[BlackElo "2680"]
[TimeControl "300"]
[EndTime "9:53:57 PDT"]
[Termination "Ginger_GM won by resignation"]

1. Nf3 f5 2. c4 d6 3. d4 Nf6 4. Nc3 e6 5. Bg5 Be7 6. Bxf6 Bxf6 7. e4 e5 8. dxe5 dxe5 9. Qxd8+ Kxd8 10. O-O-O+ Ke8 11. exf5 Bxf5 12. Bd3 Bxd3 13. Rxd3 Nd7 14. Re1 c6 15. Ne4 Ke7 16. Nd6 Nc5 17. Rdd1 Rhd8 18. Nf5+ Ke6 19. N5d4+ Kf7 20. Nf5 Nd3+ 21. Rxd3 Rxd3 22.
Nxe5+ Bxe5 23. Rxe5 Kf6 24. f4 Rad8 25. Ne3 g6 26. g4 Kf7 27. h4 R8d4 28. f5 Rf4 29. Kc2 Rxe3 30. Rxe3 Rxc4+ 31. Kd3 Rxg4 32. fxg6+ hxg6 33. Rh3 Ra4 34. a3 Ra5 35. Rf3+ Ke6 36. Rf4 Rf5 37.
Rb4 b5 38. Rg4 Kf6 39. b4 Rf1 40. Kd4 Rc1 41. Rf4+ Ke6 42. Rg4 Rc4+ 0-1